 Dungeon Crawl Stone Soup version 0.22-a0-538-g76cc104 (webtiles) character file.

129 Hebeh the Covered (level 4, -5/41 HPs)
             Began as a Minotaur Fighter on June 23, 2018.
             Slain by a gnoll
             ... wielding a +0 halberd
              (14 damage)
             ... on level 3 of the Dungeon.
             The game lasted 00:03:32 (1092 turns).

Hebeh the Covered (Minotaur Fighter)                Turns: 1092, Time: 00:03:32

Health: -5/41      AC:  7    Str: 21    XL:     4   Next: 88%
Magic:  3/3        EV:  7    Int:  5    God:
Gold:   165        SH:  9    Dex: 10    Spells: 3/3 levels left

rFire    . . .     SeeInvis .   a - +0 war axe
rCold    . . .     Gourm    .   c - +0 shield
rNeg     . . .     Faith    .   b - +0 scale mail
rPois    .         Spirit   .   (helmet restricted)
rElec    .         Reflect  .   (no cloak)
rCorr    .         Harm     .   (no gloves)
MR       .....                  (no boots)
Stlth    ..........             (no amulet)
HPRegen  0.13/turn              (no ring)
MPRegen  0.08/turn              (no ring)

@: no status effects
A: retaliatory headbutt, horns 2
a: no special abilities


You were on level 3 of the Dungeon.
You were not hungry.

You visited 1 branch of the dungeon, and saw 3 of its levels.

You collected 165 gold pieces.

Inventory:

Hand Weapons
 a - a +0 war axe (weapon)
Armour
 b - a +0 scale mail (worn)
 c - a +0 shield (worn)
Wands
 n - a wand of enslavement (10)
Scrolls
 i - a scroll of teleportation {unknown}
 j - 2 scrolls of random uselessness {unknown}
 k - 2 scrolls of remove curse {unknown}
 l - 2 scrolls of identify {unknown}
 o - a scroll of fear {unknown}
 q - a scroll of enchant weapon {unknown}
Potions
 d - a potion of might
 e - a potion of magic {unknown}
 h - a potion of degeneration {unknown}
 m - a potion of flight {unknown}
 p - a potion of lignification {unknown}
 r - a potion of heal wounds {unknown}
 s - a potion of curing {unknown}
Comestibles
 f - 7 rations
 g - a chunk of flesh


   Skills:
 + Level 4.4 Fighting
 * Level 4.3 Axes
 + Level 4.4 Armour
 + Level 4.4 Shields


You had 3 spell levels left.
You didn't know any spells.
Your spell library was empty.

Dungeon Overview and Level Annotations

Branches:
Dungeon (3/15)

Altars:


Innate Abilities, Weirdness & Mutations

You reflexively headbutt those who attack you in melee.
You have a pair of horns on your head.


Message History

You kill the gnoll!
The gnoll closely misses you. You furiously retaliate!
You headbutt the gnoll, but do no damage.
The gnoll barely misses you. You furiously retaliate!
You headbutt the gnoll!
You see here a gnoll corpse.
You hit the gnoll.
The gnoll is almost dead.
You hit the gnoll. The gnoll hits you but does no damage.
You block the gnoll's attack. The gnoll hits you with a club.
You block the jackal's attack.
The gnoll hits you from afar with a halberd!
* * * LOW HITPOINT WARNING * * *
You block the gnoll's attack.
Some of the chunks of flesh in your inventory have rotted away.
You closely miss the jackal. You hit the gnoll. You slash the gnoll!
You kill the gnoll!
You block the jackal's attack. The gnoll hits you with a spear.
* * * LOW HITPOINT WARNING * * *
The gnoll hits you from afar with a halberd!
You die...

#.## #... .... #..#
#..# ..#######..#
#.#.....#..#
#.#.###.#..# #..รท#
#.#.g#######
#<#.###.#)g.......
#.#.....##@#
..###.####h#######
#### #.####.[.h....
.#####.##...#######
#..................
...........#######.
........##.#
(..####...... ..
#.##.#.#


You could see 2 gnolls and a jackal.

Vanquished Creatures
  5 gnolls
  2 adders (D:2)
  A worm (D:2)
  A dart slug (D:2)
  2 leopard geckos
  4 orcs (D:3)
  9 bats
  3 giant cockroaches (D:2)
  5 goblins
  7 hobgoblins
  3 kobolds
  A ball python (D:2)
  5 frilled lizards
  8 rats (D:1)
56 creatures vanquished.

Vanquished Creatures (others)
  5 toadstools (D:1)
5 creatures vanquished.

Grand Total: 61 creatures vanquished

Notes
Turn   | Place    | Note
-------+----------+-------------------------------------------
     0 | D:1      | Hebeh the Minotaur Fighter began the quest for the Orb.
     0 | D:1      | Reached XP level 1. HP: 19/19 MP: 0/0
    94 | D:1      | Reached XP level 2. HP: 23/27 MP: 1/1
   498 | D:2      | Reached XP level 3. HP: 29/33 MP: 2/2
   546 | D:2      | Reached XP level 4. HP: 22/40 MP: 3/3
  1092 | D:3      | Slain by a gnoll

Vault maps used:
D:1:      ldierk_walled_garden, minmay_pentomino_s2
D:3:      lemuel_coloured_pillars_altar, item_on_display_b, uniq_sigmund

Skill      XL: |  1  2  3  4 |
---------------+-------------+-----
Axes           | 3 4 |  4.3
Fighting       | 4 |  4.4
Armour         | 4 |  4.4
Shields        | 4 |  4.4

Action                   |  1- 3 |  4- 6 || total
-------------------------+-------+-------++-------
Melee: War axe           |    77 |    43 ||   120
       Headbutt          |     9 |     6 ||    15
  Eat: Chunk             |       |     1 ||     1
Armor: Scale mail        |    39 |    10 ||    49
Dodge: Dodged            |    28 |    12 ||    40
Block: Shield            |    38 |    28 ||    66

Table legend:
 A = Spawn XP
 B = Non-spawn XP
 C = Spawn XP percentage of total XP
 D = Spawn monster count
 E = Non-spawn monster count
 F = Spawn count percentage of total count
 G = Total turns spent on level
                    A         B        C        D         E        F      G
               +---------+---------+-------+---------+---------+-------+---------
         Total |       0 |     185 |   0.0 |       0 |      56 |   0.0 |  1092
               +---------+---------+-------+---------+---------+-------+---------
           D:1 |       0 |      37 |   0.0 |       0 |      25 |   0.0 |   446
           D:2 |       0 |     105 |   0.0 |       0 |      24 |   0.0 |   608
           D:3 |       0 |      43 |   0.0 |       0 |       7 |   0.0 |    38
               +---------+---------+-------+---------+---------+-------+---------
